[Event "Titled Tuesday Blitz August 16 Late 2022"]
[White "Ambartsumova, Karina"]
[Black "Koepke, Christian"]
[WhiteFideId "4166299"]
[BlackFideId "4655737"]
[WhiteElo "2262"]
[BlackElo "2188"]
[Result "0-1"]
[Round "10"]
[TimeControl "180+1"]
[Date "2022.08.18"]
[WhiteClock "0:00:00"]
[BlackClock "0:00:00"]

1. e4 c6 2. Ne2 d5 3. e5 c5 4. d4 Nc6 5. c3 Bg4 6. Be3 cxd4 7. cxd4 e6 8. h3 Bh5 9. Nbc3 Rc8 10. Qd2 Bxe2 11. Bxe2 Bb4 12. O-O Nge7 13. a3 Bxc3 14. bxc3 Na5 15. Bb5+ Nec6 16. Bg5 Qc7 17. Rab1 O-O 18. Rfe1 a6 19. Bd3 b5 20. Bf6 Ne7 21. h4 Ng6 22. h5 gxf6 23. exf6 Qf4 24. Re3 Qxf6 25. Rf3 Qh4 26. hxg6 fxg6 27. Rh3 Qf4 28. Qe2 Rce8 29. Rxh7 Kxh7 30. Qh5+ Qh6 31. Qg4 Rf6 32. Re1 Kg7 33. Re3 Qh5 34. Qg3 Qd1+ 35. Bf1 Nc4 36. Rd3 Nd2 37. Qc7+ Rf7 38. Qe5+ Kg8 39. Rh3 Qxf1+ 40. Kh2 Rg7 0-1


[Site "https://www.chess.com"]

[Event "Titled Tuesday Blitz August 16 Late 2022"]
[White "Amburgy, Ryan"]
[Black "Uskov, Artem"]
[WhiteFideId "30924820"]
[BlackFideId "34254854"]
[WhiteElo "2066"]
[BlackElo "2335"]
[Result "1/2-1/2"]
[Round "10"]
[TimeControl "180+1"]
[Date "2022.08.16"]
[WhiteClock "0:00:44"]
[BlackClock "0:00:37"]

1. d4 d5 2. Nc3 Nf6 3. Bf4 e6 4. Nb5 Na6 5. e3 c6 6. Nc3 Bd6 7. Bxd6 Qxd6 8. Bxa6 bxa6 9. Nf3 c5 10. Na4 c4 11. O-O O-O 12. Nc5 Rb8 13. b3 Nd7 14. Nxd7 Bxd7 15. Ne5 Rfc8 16. bxc4 dxc4 17. Rb1 Bb5 18. c3 f6 19. Nf3 Qa3 20. Qd2 Bc6 21. Qc2 Bxf3 22. gxf3 Qa5 23. f4 Qh5 24. Qe4 Qd5 25. f3 Qxe4 26. fxe4 Kf7 27. Kf2 f5 28. exf5 exf5 29. Kf3 g6 30. h4 Ke6 31. h5 Kd5 32. hxg6 hxg6 33. Rg1 Rxb1 34. Rxb1 Rh8 35. Rb7 Rh3+ 36. Kf2 Rh2+ 37. Kg3 Rxa2 38. Rxa7 a5 39. Ra6 a4 40. Rxg6 Ra3 41. Ra6 Rxc3 42. Ra5+ Ke4 43. Re5+ Kd3 44. d5 a3 45. d6 Kc2 46. Rd5 a2 47. d7 Rxe3+ 48. Kf2 a1=Q 49. Kxe3 Qc1+ 50. Ke2 Qxf4 51. d8=Q Qe4+ 52. Kf2 Qf4+ 53. Kg2 Qg4+ 54. Kh2 Qe2+ 1/2-1/2


[Site "https://www.chess.com"]

[Event "Titled Tuesday Blitz August 16 Late 2022"]
[White "Ardila, Oscar Humberto"]
[Black "Zeynalov, Farid"]
[WhiteFideId "4404742"]
[BlackFideId "13402250"]
[WhiteElo "1939"]
[BlackElo "2278"]
[Result "0-1"]
[Round "10"]
[TimeControl "180+1"]
[Date "2022.08.18"]
[WhiteClock "0:00:00"]
[BlackClock "0:00:00"]

1. d4 Nf6 2. c4 g6 3. Nc3 Bg7 4. Nf3 d6 5. e3 O-O 6. Be2 c5 7. dxc5 dxc5 8. Qc2 Nc6 9. O-O Bf5 10. Qb3 Na5 11. Qb5 Rc8 12. Rd1 Bd7 13. Rxd7 Nxd7 14. Nd5 Re8 15. Bd2 b6 16. Rd1 Nc6 17. Bc3 e6 18. Nf4 Bxc3 19. bxc3 Qc7 20. Ng5 Nf6 21. h4 h6 22. Nf3 Ne5 23. h5 g5 24. Nd3 Nxd3 25. Rxd3 Red8 26. Rxd8+ Rxd8 27. g3 Nxh5 28. Kg2 Ng7 29. Qb1 Nf5 30. Qh1 Qc6 31. Qh5 Qe4 32. Kh2 Kg7 33. Nxg5 Qb7 34. e4 Rh8 35. Nxe6+ fxe6 36. exf5 exf5 37. Qxf5 Rf8 38. Qg4+ Kh8 39. Kg1 Qf7 40. f4 Qf6 41. Qh5 Qg7 42. Kh2 Rg8 43. g4 Qf6 44. f5 Qe5+ 45. Kg2 Qxe2+ 46. Kg3 Qe3+ 47. Kg2 Qg5 48. Qxg5 Rxg5 0-1


[Site "https://www.chess.com"]

[Event "Titled Tuesday Blitz August 16 Late 2022"]
[White "Avila Pavas, Santiago"]
[Black "Miszler, Levente"]
[WhiteFideId "4437128"]
[BlackFideId "763276"]
[WhiteElo "2291"]
[BlackElo "1966"]
[Result "1-0"]
[Round "10"]
[TimeControl "180+1"]
[Date "2022.08.16"]
[WhiteClock "0:00:11"]
[BlackClock "0:00:01"]

1. b3 e5 2. Bb2 Nc6 3. g3 g6 4. Bg2 Bg7 5. Nf3 d6 6. O-O Nf6 7. d4 e4 8. Nfd2 Qe7 9. e3 O-O 10. a3 Bg4 11. Qe1 d5 12. c4 Be6 13. Nc3 Rad8 14. cxd5 Bxd5 15. Nxd5 Rxd5 16. a4 Re8 17. Ba3 Qd7 18. Rc1 Rh5 19. Qe2 Ne7 20. Nxe4 Nxe4 21. Bxe4 Qh3 22. f3 Nd5 23. Rf2 Bh6 24. Bxd5 Bxe3 25. Kh1 Rxd5 26. Re1 Re6 27. Rff1 Rxd4 28. Rd1 Rxd1 29. Rxd1 Bc5 30. Rd8+ Kg7 31. Qb2+ f6 32. Bxc5 Re1+ 33. Bg1 Qf1 34. Rd7+ Kh6 35. Qd2+ g5 36. Qg2 Qa6 37. Qh3+ 1-0


[Site "https://www.chess.com"]

[Event "Titled Tuesday Blitz August 16 Late 2022"]
[White "Barash, Anton"]
[Black "Bringas Gomez, Artai"]
[WhiteFideId "30935229"]
[BlackFideId "24534064"]
[WhiteElo "2088"]
[BlackElo "2039"]
[Result "0-1"]
[Round "10"]
[TimeControl "180+1"]
[Date "2022.08.18"]
[WhiteClock "0:00:00"]
[BlackClock "0:00:00"]

1. e4 d5 2. exd5 c6 3. dxc6 e5 4. Nf3 Nxc6 5. Bb5 Bc5 6. O-O Ne7 7. Nxe5 O-O 8. Nxc6 bxc6 9. Bc4 Bd6 10. d3 Nf5 11. Nc3 Qh4 12. g3 Qh3 13. Ne4 Nh4 0-1


[Site "https://www.chess.com"]

[Event "Titled Tuesday Blitz August 16 Late 2022"]
[White "Barria Zuniga, Daniel"]
[Black "Martinez Reyes, Pedro Ramon"]
[WhiteFideId "3400816"]
[BlackFideId "3901807"]
[WhiteElo "2414"]
[BlackElo "2327"]
[Result "0-1"]
[Round "10"]
[TimeControl "180+1"]
[Date "2022.08.18"]
[WhiteClock "0:00:00"]
[BlackClock "0:00:00"]

1. d4 d5 2. c4 dxc4 3. Nf3 Nf6 4. e3 e6 5. Bxc4 c6 6. O-O b5 7. Bb3 Bb7 8. Nc3 Nbd7 9. e4 b4 10. e5 bxc3 11. exf6 cxb2 12. fxg7 Bxg7 13. Bxb2 O-O 14. Rc1 c5 15. Ba3 Rc8 16. Bxc5 Nxc5 17. dxc5 Qa5 18. Qd6 Rfd8 19. Qe7 Qc7 20. Qg5 h6 21. Qh5 Qf4 22. Rc4 Qf6 23. Rfc1 Rd5 24. Qg4 Rdxc5 25. h4 Rxc4 26. Rxc4 Rxc4 27. Qxc4 Bxf3 28. Qc8+ Bf8 29. gxf3 Qxf3 30. Qc4 Be7 31. Qd4 Bf6 32. Qxa7 Bxh4 33. Qe3 Qg4+ 34. Kf1 Bg5 35. Qg3 Qd4 36. Kg2 Kg7 37. Qf3 Be7 38. Qg3+ Bg5 39. Qf3 Qb4 40. Qg3 Kf6 41. Qf3+ Ke7 42. Qg3 f5 43. Qc7+ Kf6 44. Qd8+ Ke5 45. Qh8+ Kf4 46. Qc8 Qe4+ 47. Kg1 e5 48. Qc1+ Kg4 49. Qd1+ Kh4 50. Bd5 Qb4 51. Qf3 Bf4 52. Qh1+ Kg5 53. Qg2+ Kf6 54. Qg8 Qe7 55. Qh8+ Qg7+ 56. Qxg7+ Kxg7 57. a4 Bd2 58. f4 Bxf4 59. a5 Be3+ 60. Kg2 Kf6 61. a6 e4 62. Bb7 Ba7 63. Kf1 Ke5 64. Bc8 h5 65. Kg2 f4 66. Bd7 h4 67. Be8 f3+ 68. Kf1 Kf4 69. Bh5 e3 70. Be8 Kg3 71. Bb5 h3 0-1


[Site "https://www.chess.com"]

[Event "Titled Tuesday Blitz August 16 Late 2022"]
[White "Bartholomew, John"]
[Black "Kamsky, Gata"]
[WhiteFideId "2019353"]
[BlackFideId "2000024"]
[WhiteElo "2716"]
[BlackElo "2666"]
[Result "0-1"]
[Round "10"]
[TimeControl "180+1"]
[Date "2022.08.16"]
[WhiteClock "0:00:11"]
[BlackClock "0:01:07"]

1. d4 Nf6 2. c4 e6 3. Nf3 b6 4. g3 a5 5. Bg2 Ba6 6. Qc2 c6 7. O-O d5 8. Nbd2 Be7 9. b3 O-O 10. e4 Nbd7 11. Ne5 Rc8 12. Nxd7 Qxd7 13. Bb2 Rfd8 14. e5 Ne8 15. Rfc1 Nc7 16. Qd1 c5 17. dxc5 Bxc5 18. cxd5 exd5 19. Qh5 Ne6 20. Nf3 h6 21. Bh3 d4 22. Nh4 Bb7 23. Re1 d3 24. Rad1 Bxf2+ 25. Kxf2 Rc2+ 26. Kg1 Rxb2 27. Nf5 g6 28. Nxh6+ Kg7 29. Qh4 Qd4+ 30. Qxd4 Nxd4 31. Rxd3 Kxh6 32. Bg4 Rg2+ 33. Kf1 Rxh2 34. Red1 Rh1+ 35. Kf2 Rxd1 36. Rxd1 Kg5 0-1


[Site "https://www.chess.com"]

[Event "Titled Tuesday Blitz August 16 Late 2022"]
[White "Begmuratov, Khumoyun"]
[Black "Urazayev, Arystanbek"]
[WhiteFideId "14210207"]
[BlackFideId "13709810"]
[WhiteElo "1978"]
[BlackElo "2441"]
[Result "0-1"]
[Round "10"]
[TimeControl "180+1"]
[Date "2022.08.16"]
[WhiteClock "0:00:06"]
[BlackClock "0:00:56"]

1. e4 c5 2. Nf3 d6 3. d4 cxd4 4. Nxd4 Nf6 5. Nc3 a6 6. Bg5 Nc6 7. Bc4 e6 8. Qd2 Be7 9. O-O-O Nxd4 10. Qxd4 b5 11. Bb3 Bb7 12. f3 O-O 13. h4 Bc6 14. g4 a5 15. a3 b4 16. axb4 axb4 17. Na2 d5 18. e5 Nd7 19. Bxe7 Qxe7 20. Qxb4 Qxb4 21. Nxb4 Nxe5 22. f4 Nf3 23. Kb1 Bb5 24. c3 Be2 25. Rc1 Nd2+ 26. Kc2 Nxb3 27. Kxb3 Bxg4 28. c4 dxc4+ 29. Rxc4 h5 30. Kc3 Be2 31. Rc5 Rfc8 32. Rxc8+ Rxc8+ 33. Kd2 Bb5 34. Nc2 Rd8+ 35. Kc3 Rd3+ 36. Kb4 Bc6 37. Ra1 Bd5 38. Ra3 Rd2 39. Kc3 Rh2 40. b4 Rxh4 41. b5 Rh3+ 42. Kb4 Rxa3 43. Kxa3 h4 44. Ne3 h3 45. Nxd5 h2 46. b6 h1=Q 47. b7 Qa1+ 48. Kb4 Qb1+ 49. Kc5 Qxb7 0-1


[Site "https://www.chess.com"]

[Event "Titled Tuesday Blitz August 16 Late 2022"]
[White "Bochnicka, Vladimir"]
[Black "Chernomordik, Pavel"]
[WhiteFideId "14943450"]
[BlackFideId "2804530"]
[WhiteElo "1939"]
[BlackElo "2217"]
[Result "0-1"]
[Round "10"]
[TimeControl "180+1"]
[Date "2022.08.18"]
[WhiteClock "0:00:00"]
[BlackClock "0:00:00"]

1. e4 g6 2. Nf3 Bg7 3. d4 d6 4. Bc4 e6 5. Bb3 b6 6. O-O Bb7 7. Re1 Nd7 8. Nbd2 Ne7 9. Nf1 O-O 10. Ng3 c5 11. c3 Kh8 12. h4 e5 13. Be3 Ng8 14. h5 cxd4 15. cxd4 exd4 16. Bxd4 Ne5 17. hxg6 Nxf3+ 18. gxf3 fxg6 19. Bxg7+ Kxg7 20. Kg2 Qf6 21. Rc1 Rac8 22. Rxc8 Bxc8 23. Rg1 Kh8 24. Rh1 Ne7 25. Qd3 Nc6 26. f4 Qxf4 27. Qc3+ Ne5 28. Qd4 Qf3+ 29. Kg1 Qf6 30. Rh2 Nf3+ 0-1


[Site "https://www.chess.com"]

[Event "Titled Tuesday Blitz August 16 Late 2022"]
[White "Bogaudinov, Rushan"]
[Black "Nozdrachev, Leonid"]
[WhiteFideId "4129288"]
[BlackFideId "24113433"]
[WhiteElo "2040"]
[BlackElo "2100"]
[Result "0-1"]
[Round "10"]
[TimeControl "180+1"]
[Date "2022.08.18"]
[WhiteClock "0:00:00"]
[BlackClock "0:00:00"]

1. d4 d6 2. Nf3 g6 3. g3 Bg7 4. Bg2 Nf6 5. O-O O-O 6. Nc3 a5 7. e4 c6 8. a4 Na6 9. h3 Qc7 10. Re1 e5 11. Be3 Nb4 12. Qd2 Re8 13. g4 Nd7 14. d5 Nb6 15. b3 cxd5 16. Nb5 Qd8 17. c3 Na6 18. exd5 e4 19. Ng5 Nc5 20. Rab1 Nd3 21. Re2 f5 22. f3 Nxd5 23. fxe4 Nxe3 24. Rxe3 Nf4 25. Nxd6 Rf8 26. h4 Be5 27. Nc4 Qxd2 28. Nxd2 Bxc3 29. Nc4 Bd4 30. exf5 gxf5 31. Rd1 Bxe3+ 32. Nxe3 fxg4 33. Nd5 Nxg2 34. Kxg2 Ra6 35. Ne7+ Kg7 36. Nxc8 Rxc8 37. Rd7+ Kg6 38. Rxb7 h6 39. Ne4 Re6 40. h5+ Kxh5 41. Rb5+ Kg6 42. Nc5 Re3 43. Kf2 Rf3+ 44. Ke2 Re8+ 45. Kd2 g3 46. Rb6+ Rf6 47. Rb7 g2 0-1


[Site "https://www.chess.com"]

[Event "Titled Tuesday Blitz August 16 Late 2022"]
[White "Bortnyk, Olexandr"]
[Black "Grischuk, Alexander"]
[WhiteFideId "14120828"]
[BlackFideId "4126025"]
[WhiteElo "2723"]
[BlackElo "2762"]
[Result "1-0"]
[Round "10"]
[TimeControl "180+1"]
[Date "2022.08.16"]
[WhiteClock "0:00:20"]
[BlackClock "0:00:03"]

1. d4 Nf6 2. Nc3 d5 3. Bf4 g6 4. e3 Bg7 5. h4 h5 6. Nb5 Na6 7. Nf3 O-O 8. Be2 c6 9. Nc3 Qb6 10. Rb1 Bg4 11. O-O Bxf3 12. Bxf3 Nd7 13. b4 e5 14. dxe5 Nxe5 15. Be2 Nc4 16. Bxc4 Bxc3 17. Bd3 Nc7 18. Bd6 Ne6 19. Bxf8 Rxf8 20. Rb3 Bf6 21. g3 Rd8 22. Qf3 Kg7 23. c4 Qc7 24. cxd5 cxd5 25. Rd1 Qe5 26. Bf1 b6 27. Bh3 Nc7 28. Rbd3 Qe7 29. a3 a5 30. bxa5 bxa5 31. Qf4 Nb5 32. Rc1 d4 33. Bf1 Nxa3 34. exd4 Nb5 35. Re3 Qb4 36. Rf3 Qxd4 37. Bxb5 Qb2 38. Rc6 Rd1+ 39. Bf1 Qb1 40. Qxf6+ Kh6 41. Qh8# 1-0


[Site "https://www.chess.com"]

[Event "Titled Tuesday Blitz August 16 Late 2022"]
[White "Buchenau, Frank"]
[Black "Blanco Ronquillo, Humberto L."]
[WhiteFideId "4604350"]
[BlackFideId "3504239"]
[WhiteElo "2157"]
[BlackElo "2425"]
[Result "0-1"]
[Round "10"]
[TimeControl "180+1"]
[Date "2022.08.18"]
[WhiteClock "0:00:00"]
[BlackClock "0:00:00"]

1. e4 c5 2. Nf3 Nc6 3. Bb5 Nf6 4. Bxc6 dxc6 5. d3 g6 6. b3 Bg7 7. Bb2 Bg4 8. Nbd2 O-O 9. Rb1 Re8 10. O-O e5 11. h3 Bxf3 12. Qxf3 Nd7 13. Nc4 Qe7 14. a4 Nf8 15. Qg3 b5 16. Ne3 a6 17. Ra1 Qd6 18. Ra2 Ne6 19. Rfa1 Nd4 20. Qg4 h5 21. Qd1 Rad8 22. axb5 axb5 23. Ra7 Bh6 24. Bc1 Bg7 25. Bd2 Rd7 26. Bc3 Kh7 27. R1a6 Rxa7 28. Rxa7 Re7 29. Ra8 Qf6 30. Bxd4 cxd4 31. Nf1 Rc7 32. Nh2 c5 33. Qf3 c4 34. Qxf6 Bxf6 35. bxc4 bxc4 36. Nf3 cxd3 37. cxd3 Rc3 38. Ne1 Bg5 39. Ra5 Rc1 40. Kf1 Bd2 0-1


[Site "https://www.chess.com"]

[Event "Titled Tuesday Blitz August 16 Late 2022"]
[White "Chigaev, Maksim"]
[Black "Andreikin, Dmitry"]
[WhiteFideId "4108116"]
[BlackFideId "4158814"]
[WhiteElo "2487"]
[BlackElo "2736"]
[Result "0-1"]
[Round "10"]
[TimeControl "180+1"]
[Date "2022.08.16"]
[WhiteClock "0:00:38"]
[BlackClock "0:01:21"]

1. e4 c5 2. Nf3 Nc6 3. Bb5 b6 4. O-O Bb7 5. Re1 e6 6. c3 a6 7. Bxc6 Bxc6 8. d4 cxd4 9. cxd4 d5 10. Ne5 Bb7 11. Qh5 Qe7 12. Bg5 Nf6 13. Bxf6 gxf6 14. Ng4 dxe4 15. Nc3 f5 16. Ne5 Bg7 17. Na4 Rd8 18. Rad1 b5 19. Nc5 Bxe5 20. Nxb7 Rxd4 21. Na5 Rxd1 22. Rxd1 Qc7 23. Qh4 Qxa5 0-1


[Site "https://www.chess.com"]

[Event "Titled Tuesday Blitz August 16 Late 2022"]
[White "Csonka, Balazs"]
[Black "Claverie, Christophe"]
[WhiteFideId "742910"]
[BlackFideId "605514"]
[WhiteElo "2404"]
[BlackElo "2300"]
[Result "1-0"]
[Round "10"]
[TimeControl "180+1"]
[Date "2022.08.16"]
[WhiteClock "0:00:07"]
[BlackClock "0:00:39"]

1. e4 c5 2. Nf3 d6 3. d4 cxd4 4. Nxd4 Nf6 5. Nc3 Nc6 6. Bg5 Bd7 7. Qd2 Rc8 8. O-O-O Nxd4 9. Qxd4 Qa5 10. f4 Rxc3 11. bxc3 e5 12. Qb4 Qxb4 13. cxb4 Nxe4 14. Bh4 g5 15. fxg5 Be7 16. Bc4 h6 17. Rhf1 Nxg5 18. Kb2 f6 19. Bd5 b6 20. Ra1 Kf8 21. a4 Kg7 22. a5 b5 23. Rac1 Rb8 24. Ka3 Ne6 25. c3 Nf4 26. Be4 h5 27. Rcd1 Be6 28. Bg3 Rc8 29. Kb2 Ne2 30. Rd3 Rc4 31. Re3 Nxg3 32. Rxg3+ Kf8 33. Bd3 Rh4 34. Bxb5 Rxh2 35. Bc6 Bc4 36. Rf2 a6 37. Re3 Kg7 38. Bf3 Rh1 39. Be2 Bb5 40. c4 Bd7 41. b5 Bc8 42. Rb3 Bd8 43. b6 Bb7 44. Bf3 e4 45. Bxe4 Bxe4 46. b7 Bxb7 47. Rxb7+ Kg6 48. Ra7 Bxa5 49. Rxa6 Bc7 50. Rc6 Bb8 51. Re2 Ba7 52. Rxd6 Bc5 53. Rc6 Bd4+ 54. Kc2 Rg1 55. c5 Rf1 56. Kd3 Bg1 57. Rc7 Rd1+ 58. Rd2 Rc1 59. Rc2 Rd1+ 60. Ke2 Rd5 61. c6 Re5+ 62. Kd3 Rd5+ 63. Kc4 Rc5+ 64. Kb3 Rb5+ 65. Ka4 Rd5 66. Rb7 Rd4+ 67. Kb3 Rd3+ 68. Rc3 1-0


[Site "https://www.chess.com"]

[Event "Titled Tuesday Blitz August 16 Late 2022"]
[White "Deviprasath, Sharvesh"]
[Black "Carbone, Diego"]
[WhiteFideId "30938228"]
[BlackFideId "3002179"]
[WhiteElo "2102"]
[BlackElo "2199"]
[Result "1/2-1/2"]
[Round "10"]
[TimeControl "180+1"]
[Date "2022.08.18"]
[WhiteClock "0:00:00"]
[BlackClock "0:00:00"]

1. b3 Nf6 2. Bb2 d5 3. e3 c6 4. Nf3 Bg4 5. Be2 Nbd7 6. d3 e6 7. Nbd2 Bd6 8. h3 Bxf3 9. Bxf3 Qe7 10. Qe2 Ba3 11. Bxa3 Qxa3 12. e4 Ne5 13. exd5 Nxf3+ 14. Nxf3 cxd5 15. c4 O-O 16. O-O Rfd8 17. Rfe1 Rac8 18. Rab1 dxc4 19. dxc4 Qc5 20. Rbd1 h6 21. Rxd8+ Rxd8 22. Rd1 Rd6 23. Rxd6 Qxd6 24. Qd2 Qxd2 25. Nxd2 Kf8 26. f3 Ke7 27. Kf2 g5 28. Ke3 Kd6 29. f4 gxf4+ 30. Kxf4 Nd7 31. b4 f5 32. Nf3 Ke7 33. Ne5 Nf6 34. a4 Nh5+ 35. Ke3 Kf6 36. Nd7+ Ke7 37. Nc5 b6 38. Nd3 Kd6 39. Kd4 Ng3 40. c5+ bxc5+ 41. bxc5+ Ke7 42. Ke5 Nf1 43. c6 Nd2 44. c7 Nc4+ 45. Kd4 Nb6 46. a5 Nc8 47. Ke5 Kd7 48. Nc5+ Kxc7 49. Nxe6+ Kc6 50. Kxf5 Kb5 51. Kg6 Kxa5 52. Kxh6 Kb4 53. g4 a5 54. Nd4 Kc4 55. Nc2 Kb3 56. Nd4+ Kc4 57. Nc2 Kb3 58. Nd4+ Kc4 1/2-1/2


[Site "https://www.chess.com"]

[Event "Titled Tuesday Blitz August 16 Late 2022"]
[White "Fernandez Hernandez, Gerardo"]
[Black "Ferriz Barrios, Andres"]
[WhiteFideId "2207400"]
[BlackFideId "5104467"]
[WhiteElo "2169"]
[BlackElo "2102"]
[Result "1/2-1/2"]
[Round "10"]
[TimeControl "180+1"]
[Date "2022.08.18"]
[WhiteClock "0:00:00"]
[BlackClock "0:00:00"]

1. e4 e6 2. d3 d5 3. Nd2 Bc5 4. Ngf3 Nc6 5. c3 Nf6 6. Be2 dxe4 7. dxe4 O-O 8. O-O e5 9. b4 Bb6 10. a4 a5 11. b5 Ne7 12. Nxe5 Ng6 13. Nxg6 hxg6 14. Qc2 Re8 15. Re1 Bg4 16. Bf3 Bxf3 17. Nxf3 Ng4 18. Re2 Qd6 19. h3 Ne5 20. Nxe5 Qxe5 21. Bb2 Rad8 22. c4 Qf4 23. c5 Ba7 24. Qc3 f6 25. Rae1 Bb8 26. g3 Qh6 27. Kg2 c6 28. bxc6 bxc6 29. Qxa5 Rd3 30. Qb4 Qg5 31. Qc4+ Rd5 32. exd5 Rxe2 33. Rxe2 cxd5 34. Qb5 Be5 35. f4 Bxf4 36. Re8+ Kh7 37. Qd3 Be5 38. Bxe5 fxe5 39. Re6 e4 40. Qe2 Qf5 41. Rd6 Qe5 42. a5 d4 43. Qg4 Qxc5 44. Qxg6+ Kg8 45. Rd8+ Qf8 46. Rxf8+ Kxf8 47. Qxe4 d3 48. Qxd3 g5 49. Qf5+ Kg7 50. Qxg5+ Kf7 51. h4 Ke6 52. h5 Kd6 53. h6 Kc6 54. h7 Kb7 55. h8=Q Ka6 56. Qhg7 1/2-1/2


[Site "https://www.chess.com"]

[Event "Titled Tuesday Blitz August 16 Late 2022"]
[White "Fier, Alexandr"]
[Black "Aldokhin, Ivan"]
[WhiteFideId "2107139"]
[BlackFideId "24115720"]
[WhiteElo "2598"]
[BlackElo "2246"]
[Result "1-0"]
[Round "10"]
[TimeControl "180+1"]
[Date "2022.08.16"]
[WhiteClock "0:01:16"]
[BlackClock "0:00:03"]

1. d4 Nf6 2. Bg5 g6 3. Bxf6 exf6 4. e3 d5 5. g3 c6 6. Bg2 Bd6 7. Ne2 Nd7 8. Nd2 f5 9. c4 dxc4 10. Nxc4 Bb4+ 11. Nc3 Nf6 12. Qb3 Bxc3+ 13. Qxc3 O-O 14. O-O Be6 15. Ne5 Bd5 16. a4 Ne4 17. Qb4 a5 18. Qxb7 Rb8 19. Qa6 Rxb2 20. Rac1 Qd6 21. Nxc6 Kg7 22. Bxe4 Bxe4 23. Rc5 Ra2 24. Qxa5 Bxc6 25. Qb6 Rc8 26. Rfc1 Rxa4 27. Rxc6 Rxc6 28. Qxc6 Qxc6 29. Rxc6 Ra2 30. Kg2 Rd2 31. Kf3 g5 32. h3 h5 33. Kg2 g4 34. h4 f6 35. Kf1 Kg6 36. Ke1 Ra2 37. Rc7 f4 38. gxf4 Kf5 39. Kf1 Ke4 40. Kg2 Kf5 41. Rc5+ Ke4 42. Rxh5 Kd3 43. Rf5 Ke2 44. Rxf6 Ke1 45. Kg3 Rxf2 46. Kxg4 1-0


[Site "https://www.chess.com"]

[Event "Titled Tuesday Blitz August 16 Late 2022"]
[White "Fus, Jakub"]
[Black "Holt, Conrad"]
[WhiteFideId "1193023"]
[BlackFideId "2034387"]
[WhiteElo "2220"]
[BlackElo "2586"]
[Result "1-0"]
[Round "10"]
[TimeControl "180+1"]
[Date "2022.08.16"]
[WhiteClock "0:00:10"]
[BlackClock "0:00:02"]

1. Nf3 d5 2. e3 Bg4 3. c4 d4 4. h3 Bxf3 5. Qxf3 Nc6 6. d3 e5 7. g4 Bb4+ 8. Nd2 h5 9. a3 hxg4 10. hxg4 Rxh1 11. Qxh1 Bf8 12. b4 Qd7 13. g5 Nge7 14. Bh3 Qd8 15. Nb3 dxe3 16. Bxe3 Qxd3 17. Nc5 Qc3+ 18. Ke2 Qxc4+ 19. Ke1 Qc3+ 20. Ke2 Qc2+ 21. Ke1 Qc3+ 22. Ke2 Rd8 23. Qc1 Nd4+ 24. Kf1 Nc2 25. Rb1 Nd5 26. Bd2 Qc4+ 27. Kg1 Bxc5 28. bxc5 Qh4 29. Bg2 Nd4 30. Qe1 f6 31. Rxb7 Qg4 32. Kf1 Nf3 33. Qe2 Nxd2+ 34. Qxd2 Qc4+ 35. Kg1 Nf4 36. Bc6+ Kf7 37. Qxd8 Qc1+ 38. Kh2 Qxc5 39. Rxc7+ Kg6 40. Be8+ Kxg5 41. Rxc5 1-0


[Site "https://www.chess.com"]

[Event "Titled Tuesday Blitz August 16 Late 2022"]
[White "Gallana, Marco"]
[Black "Gheorghiu, Calin"]
[WhiteFideId "824542"]
[BlackFideId "1200305"]
[WhiteElo "2290"]
[BlackElo "2168"]
[Result "0-1"]
[Round "10"]
[TimeControl "180+1"]
[Date "2022.08.18"]
[WhiteClock "0:00:00"]
[BlackClock "0:00:00"]

1. d4 Nf6 2. c4 e6 3. Nf3 d5 4. g3 Bb4+ 5. Bd2 Bd6 6. Bg2 c6 7. Qc2 Ne4 8. Bf4 Be7 9. O-O O-O 10. Nc3 f5 11. h4 Nd7 12. a3 h6 13. Ne5 g5 14. hxg5 hxg5 15. Nxd7 Bxd7 16. Be5 Qe8 17. Nxe4 dxe4 18. f3 exf3 19. exf3 c5 20. Rfe1 cxd4 21. Bxd4 Rc8 22. b4 Qg6 23. Rad1 Bc6 24. Qe2 Bf6 25. Qxe6+ Kg7 26. Bxf6+ Qxf6 27. Qxf6+ Kxf6 28. Rd6+ Kf7 29. Ree6 Rce8 30. Rf6+ Kg7 31. Rxf8 Rxf8 32. Kf2 Rh8 33. Re6 a6 34. Re7+ Kf6 35. Rc7 f4 36. b5 axb5 37. cxb5 Bd5 38. Rd7 Ke5 39. Rg7 Kf6 40. Rd7 Ke5 41. Rg7 Kf6 42. Rc7 Ra8 43. Rc3 Ra5 44. Rc5 Ke5 45. gxf4+ gxf4 46. Bf1 b6 47. Rc3 Ra4 48. Rd3 Ra5 49. Rc3 Ra4 50. Be2 Rd4 51. Ke1 Be6 52. Rd3 Ra4 53. Rc3 Bf5 54. Kd2 Rd4+ 55. Kc1 Rd6 56. Kb2 Rg6 57. Bd1 Rg2+ 58. Bc2 Rf2 59. Kb3 Bxc2+ 60. Rxc2 Rxf3+ 61. Kb4 Rd3 62. Rc6 Rd4+ 63. Kc3 f3 64. Re6+ Kxe6 65. Kxd4 f2 0-1


[Site "https://www.chess.com"]

[Event "Titled Tuesday Blitz August 16 Late 2022"]
[White "Goncalves, Davi Sulzbacher"]
[Black "Pinheiro, Iung Alicio de O."]
[WhiteFideId "2154510"]
[BlackFideId "2104350"]
[WhiteElo "2107"]
[BlackElo "2283"]
[Result "1-0"]
[Round "10"]
[TimeControl "180+1"]
[Date "2022.08.16"]
[WhiteClock "0:00:12"]
[BlackClock "0:00:07"]

1. e4 c5 2. Nf3 Nc6 3. Bb5 e6 4. O-O Nge7 5. c3 a6 6. Ba4 b5 7. Bc2 Bb7 8. Re1 Ng6 9. d4 cxd4 10. Nxd4 Be7 11. Nd2 Nxd4 12. cxd4 Rc8 13. Nf3 Qc7 14. Bd3 Nf4 15. Bf1 O-O 16. Be3 f5 17. Rc1 Qb8 18. Rxc8 Bxc8 19. e5 Nd5 20. Bd2 Bb7 21. g3 Nb6 22. Bg2 Qa8 23. b3 Nd5 24. Qe2 Rc8 25. Rc1 Rf8 26. Ba5 g5 27. Ne1 g4 28. Qd2 Kg7 29. Bxd5 Bxd5 30. Rc7 Rd8 31. Bb4 Bxb4 32. Qxb4 Kf7 33. Qd6 Bc6 34. d5 Bxd5 35. Rxd7+ Rxd7 36. Qxd7+ Kg6 37. Nd3 Qc6 38. Nf4+ Kh6 39. Qxc6 Bxc6 40. Nxe6 Kg6 41. Nd4 Bd5 42. f4 gxf3 43. Kf2 h5 44. Nxf3 Kf7 45. Nd4 Be4 46. b4 Ke7 47. a3 Kf7 48. Ke3 Kg6 49. Kf4 Bb1 50. Nf3 Bd3 51. Nh4+ Kf7 52. Nxf5 Ke6 53. Ng7+ Kd5 54. e6 Kc4 55. e7 Bg6 56. Kg5 Bf7 57. Kf6 Be8 58. Nxe8 Kb3 59. Nc7 Kxa3 60. Nxa6 Ka4 61. e8=Q Kb3 62. Qe3+ Ka4 63. Qd2 Kb3 64. Ke5 Ka3 65. Kd4 Kb3 66. Qc3+ Ka2 67. Kd3 Kb1 68. Kd2 h4 69. Qc2+ Ka1 70. Kc1 hxg3 71. Qb2# 1-0


[Site "https://www.chess.com"]

[Event "Titled Tuesday Blitz August 16 Late 2022"]
[White "Goryachkina, Aleksandra"]
[Black "Yanchenko, Roman"]
[WhiteFideId "4147103"]
[BlackFideId "4137329"]
[WhiteElo "2426"]
[BlackElo "2514"]
[Result "0-1"]
[Round "10"]
[TimeControl "180+1"]
[Date "2022.08.16"]
[WhiteClock "0:00:04"]
[BlackClock "0:00:15"]

1. e4 e6 2. d4 d5 3. exd5 exd5 4. Bd3 c5 5. dxc5 Bxc5 6. Nf3 Nf6 7. O-O O-O 8. Nbd2 h6 9. Nb3 Bb6 10. Bf4 Nc6 11. Re1 Bg4 12. h3 Bh5 13. c3 Qd7 14. Bb5 Rae8 15. Qd3 Bg6 16. Qf1 Qf5 17. Be3 Bxe3 18. Rxe3 Rxe3 19. fxe3 Ne5 20. Nxe5 Qxe5 21. Qf4 Qe7 22. Nd4 a6 23. Bf1 Re8 24. Re1 Nh5 25. Qf2 Qe5 26. Be2 Ng3 27. Bf3 Ne4 28. Bxe4 Bxe4 29. Qf4 f5 30. Qxe5 Rxe5 31. a4 Kf7 32. Kf2 g5 33. g3 Kf6 34. b4 Re8 35. Ra1 Rc8 36. Ra3 Ke5 37. a5 f4 38. gxf4+ gxf4 39. exf4+ Kxf4 40. Ne2+ Ke5 41. Ke3 Rf8 42. Nd4 Rg8 43. b5 Rg3+ 44. Kf2 Rxh3 45. bxa6 bxa6 46. Nc6+ Kd6 47. Nb4 Rf3+ 48. Ke2 Rg3 49. Kf2 Rf3+ 50. Ke2 d4 51. Nxa6 Rxc3 52. Rxc3 dxc3 53. Nb4 h5 54. Ke3 c2 55. Kd2 h4 56. a6 Kc7 57. a7 Kb7 58. Na2 h3 59. Nc3 h2 0-1


[Site "https://www.chess.com"]

[Event "Titled Tuesday Blitz August 16 Late 2022"]
[White "Graif, William"]
[Black "Rios Escobar, Adan"]
[WhiteFideId "2609835"]
[BlackFideId "3403645"]
[WhiteElo "1942"]
[BlackElo "2276"]
[Result "1-0"]
[Round "10"]
[TimeControl "180+1"]
[Date "2022.08.18"]
[WhiteClock "0:00:00"]
[BlackClock "0:00:00"]

1. d4 Nf6 2. Nc3 d5 3. e4 Nxe4 4. Nxe4 dxe4 5. Be3 Nd7 6. f3 exf3 7. Nxf3 Nf6 8. Ne5 c6 9. Bc4 e6 10. O-O Be7 11. Bd3 O-O 12. Qf3 Qe8 13. Qh3 g6 14. Rf3 Nd7 15. Qh6 Nxe5 16. Rh3 Ng4 17. Qxh7# 1-0


[Site "https://www.chess.com"]